[Event "Portuguese Chess-ch 2022"]
[Site "Leiria"]
[Date "2022.09.12"]
[Round "1.2"]
[White "Martins, Bruno Andre Leite"]
[Black "Fernandes, Antonio"]
[Result "0-1"]
[ECO "C45"]
[WhiteElo "2308"]
[BlackElo "2327"]
[Annotator "TA"]
[PlyCount "42"]
[EventDate "2022.09.11"]
[EventCountry "POR"]
[SourceTitle "playchess.com"]
[Source "ChessBase"]
[SourceQuality "1"]
[TimeControl "5400+30"]

1. e4 e5 2. Nf3 Nc6 3. d4 exd4 4. Nxd4 Bc5 5. Nb3 Bb6 6. Nc3 Qf6 7. Qe2 Nge7 8. Nd5 Nxd5 9. exd5+ Ne7 10. c4 {[%emt 0:05:32] aiming for c5. C45: Scotch Game.} d6 {[%emt 0:00:50] Prevents c5.} 11. h4 {[%emt 0:23:00] Threatens to win with Bg5.} (11. c5 dxc5 12. h4 Qd6 $17) 11... h6 {[%emt 0:11:52] Against Bg5} 12. g4 {[%emt 0:01:10] [#] Black is slightly better.} Qg6 $146 ({Predecessor:} 12... a5 13. g5 Qe5 14. Qxe5 dxe5 15. gxh6 gxh6 16. a4 Nf5 17. c5 Ba7 18. Bb5+ Bd7 19. Bxd7+ Kxd7 {0-1 (75) Dashdorzh,A (1549)-Zorin,A (2183) Ekaterinburg 2018}) 13. Rg1 h5 14. Bh3 (14. Bg5 $15 f6 15. gxh5 Qxh5 16. Qxh5+ Rxh5 17. Be2) 14... hxg4 $19 ({Weaker is} 14... Bxg4 15. Bxg4 hxg4 16. Rxg4 $11) 15. Bxg4 {[%emt 0:03:37][%cal Og4d7] [#] Bd7+! is the strong threat.} Kf8 $1 16. Kf1 ({Avoid the trap} 16. Bg5 $2 f6 17. Qf3 Nf5 18. Bxf5 Qxf5 19. Qxf5 Bxf5) (16. Rg3 $17 {is the only way for White.} Bxg4 17. Rxg4) 16... Bf5 17. Bxf5 ({Don't go for} 17. Bg5 $2 {[#]} Bd3 $1 18. Bxe7+ Kg8 $19) 17... Qxf5 18. Bg5 Ng6 {[%emt 0:06:39] White must now prevent ...Re8.} 19. Re1 (19. Rg3 {keeps fighting.}) 19... f6 {[%emt 0:03:48] Dancing on a razor blade.} 20. h5 $2 {[%emt 0:01:03] [#]} (20. Bd2 Rxh4 21. c5 dxc5 22. Qe3) 20... Rxh5 $3 {[%emt 0:01:16][%mdl 512] ( -> ...Rh2)} 21. c5 (21. Bf4 Qh3+) 21... Qh3+ {[%emt 0:00:15] White did not feel at home in the position after the opening.  Weighted Error Value: White=0.95/Black=0.00 (flawless)} 0-1

[Event "Portuguese Chess-ch 2022"]
[Site "Leiria"]
[Date "2022.09.12"]
[Round "1.3"]
[White "Veiga, Jose Francisco R P N"]
[Black "Rocha, Sergio"]
[Result "0-1"]
[ECO "C01"]
[WhiteElo "2389"]
[BlackElo "2324"]
[Annotator "TA"]
[PlyCount "146"]
[EventDate "2022.09.11"]
[EventCountry "POR"]
[SourceTitle "playchess.com"]
[Source "ChessBase"]
[SourceQuality "1"]
[TimeControl "5400+30"]

1. e4 e6 2. d4 d5 3. exd5 exd5 4. Nf3 Nf6 5. Bd3 c5 6. O-O c4 7. Re1+ Be7 8. Bf1 O-O {C01: French: Exchange Variation.} 9. Nc3 Bg4 10. h3 Bh5 {White has an edge.} 11. g4 Bg6 12. Ne5 Bb4 13. Bg2 (13. Nxg6 fxg6 14. Bg2 Qd7 $11) 13... Nc6 {[#]} 14. Nxg6 $146 ({Predecessor:} 14. Bg5 Bxc3 15. bxc3 Qd6 16. Rb1 Ne4 17. Bxe4 dxe4 18. Bf4 Nxe5 19. Bxe5 Qd5 20. Qc1 {0-1 (57) Rumpf,T (2085)-Miedema,D (2339) Germany 2013}) 14... hxg6 15. Re3 (15. Bd2 $11 {is superior.}) 15... Bxc3 $15 16. bxc3 Re8 17. Rb1 Qd7 18. a4 Rxe3 19. Bxe3 Re8 20. Qc1 Ne4 21. Qa3 b6 22. Re1 f5 23. f3 Nf6 24. Kf2 Nd8 25. g5 Nh5 26. f4 Ne6 27. Qc1 Nc7 28. Qa3 Kf7 (28... a5 $17) 29. a5 $11 Ne6 30. axb6 axb6 31. Bc1 (31. Qc1 Qd6 32. Qd2 Nhxf4 33. Bxf4 Nxf4 34. Rxe8 Kxe8 35. Qe3+ Kf7 $17) (31. Bf3 $11 {and White has nothing to worry.}) 31... Nexf4 $19 32. Rxe8 Qxe8 {Chess con chili.} (32... Kxe8 33. Qa8+ Qd8 34. Qc6+ (34. Qxd8+ Kxd8 35. Bxf4 Nxf4 $11) 34... Kf8 35. h4 $11) 33. Bf3 {[#] Prevents Qe2+.} Qb8 {Against Qd6} (33... Nxh3+ 34. Kf1 N3f4 35. Bxf4 Nxf4 36. Qd6 $11) 34. Qa4 $2 (34. Ke1 $17) 34... Kg8 (34... b5 35. Qa6 $19) 35. Ke1 $2 (35. Bxf4 Qxf4 36. Qe8+ Kh7 37. Qe3 Qg3+ 38. Ke2) 35... b5 36. Qa6 Kh7 37. Kd1 b4 $2 (37... Ng3 $19 38. h4 Ne4 39. Bxe4 dxe4) 38. cxb4 $1 $15 Qxb4 39. Qa3 {Prevents Qc3. Black keeps a firm grip on the game.} Qb8 {Black is much more active.} ({Of course not} 39... Qb1 $6 40. Qb2 Qxb2 41. Bxb2 $11) 40. Qa6 ({White should play} 40. Qe3 $15) 40... Ng3 $36 {[%mdl 2048] Keeping White busy.} (40... Qb1 41. Qa3 $15) 41. h4 (41. Qa3 $17 {nothing else works.}) 41... Ne4 ({Worse is} 41... Qb1 42. Qa3 $17) 42. Qa5 {Against Nc3+} (42. Bxe4 fxe4 43. Qa3) 42... Qb1 $2 (42... Nf2+ 43. Kd2 Ne6) 43. Qa3 $19 Ne6 {Pair of Knights!} 44. h5 $2 (44. Bxe4 fxe4 45. Qb2 Qxb2 46. Bxb2) 44... Qb6 45. c3 gxh5 46. Bxh5 N6xg5 {[#] aiming for ...Qh6.} 47. Kc2 Qh6 48. Be8 Qh3 (48... Qh2+ $142 49. Kb1 Qb8+ 50. Qb2 Qxe8 51. Bxg5 Nxg5 52. Qh2+ Kg6 53. Qd6+ Qe6) 49. Bd7 Nf6 {White must now prevent ...Qg2+.} 50. Bc6 Nge4 {Hoping for ...Qf1.} 51. Qa5 Qd3+ 52. Kb2 Nf2 {Threatens to win with ...Nd1+.} 53. Ba4 Nd1+ 54. Bxd1 Qxd1 {[%mdl 4096] Endgame KQB-KQN} 55. Qc7 Qb3+ 56. Ka1 Qxc3+ 57. Kb1 Qd3+ 58. Ka1 Qe4 59. Qh2+ Kg6 60. Qg3+ Kf7 61. Qc7+ Qe7 62. Qc6 Qa7+ 63. Kb1 Qxd4 64. Bb2 Qe4+ 65. Ka2 Qe6 66. Qc7+ Kg6 {Strongly threatening ...Qe2.} 67. Ka1 Qe1+ 68. Ka2 Qe2 69. Qg3+ Qg4 70. Qd6 f4 71. Bxf6 gxf6 72. Qxd5 Qe2+ 73. Ka1 Qe5+ {Weighted Error Value: White=0.94/Black=0.62} 0-1

[Event "Portuguese Chess-ch 2022"]
[Site "Leiria"]
[Date "2022.09.12"]
[Round "1.4"]
[White "Sousa, Andre Ventura"]
[Black "Rego, Pedro Filipe"]
[Result "1/2-1/2"]
[ECO "A15"]
[WhiteElo "2449"]
[BlackElo "2273"]
[Annotator "TA"]
[PlyCount "106"]
[EventDate "2022.09.11"]
[EventCountry "POR"]
[SourceTitle "playchess.com"]
[Source "ChessBase"]
[SourceQuality "1"]
[TimeControl "5400+30"]

1. c4 Nf6 2. g3 e5 3. Bg2 c6 4. Nf3 e4 5. Nd4 d5 6. d3 {[%emt 0:02:15] A20: English Opening: 1...e5.} Bc5 7. Nb3 Bb4+ (7... Bb6 $5 ) 8. Bd2 {[%emt 0:00:35] White has an edge.} Bxd2+ 9. Qxd2 dxc4 10. dxc4 {[%emt 0:00:05] [#]} a5 $146 ({Predecessor:} 10... Qe7 11. Nc3 e3 12. Qxe3 Qxe3 13. fxe3 Ng4 14. Bh3 Ke7 15. Bxg4 Bxg4 16. Nc5 b6 {½-½ (37) Giri,A (2780)-Najer,E (2635) Khanty-Mansiysk 2019}) 11. Nc3 Qxd2+ 12. Nxd2 e3 $1 13. fxe3 Ng4 14. Bh3 h5 15. Nce4 Ke7 16. Bxg4 hxg4 17. Nc5 Rh5 18. Nd3 Be6 19. O-O Nd7 20. Rfc1 Rd8 {[%emt 0:02:42][%mdl 1024] Black has compensation.} 21. Rc2 Nc5 22. Nf2 a4 23. Nf1 Re5 24. Rac1 Rh5 25. Rc3 Na6 26. Nd3 Nc5 27. Ra3 b5 28. Nb4 Rd6 29. cxb5 cxb5 30. Rac3 Bc4 31. R3c2 (31. e4 $11) 31... Ne4 $36 {[%emt 0:01:33][%mdl 2048] Black is in control.} 32. Rxc4 bxc4 33. Rxc4 Nd2 34. Rc7+ Ke8 {[%emt 0:02:16] Hoping for ...Nxf1.} 35. Nd3 Nxf1 36. Kxf1 Rxh2 {[%emt 0:00:24][%mdl 4096] Endgame KRR-KRN} 37. Rc4 (37. Rc8+ $17 Kd7 38. Rc4) 37... a3 38. bxa3 {[%emt 0:00:27] [#]} f5 (38... Rh1+ $142 $1 39. Kf2 (39. Kg2 $2 Rdh6 $19) 39... Rf6+ 40. Rf4 Rh2+ 41. Kf1 Rc6 42. Re4+ Kf8 43. Rxg4 Rc2) 39. e4 f4 (39... Rb6 $17 {Threatens to win with ...Rb1+.} 40. Rb4 Re6) 40. e5 Rb6 {[%emt 0:00:00] aiming for ...Rb1+.} 41. Rb4 {[%emt 0:00:00] Prevents Rb1+.} Rc6 {[%emt 0:00:00] ...Rc2 is the strong threat.} 42. Rxf4 ({But not} 42. gxf4 $2 Rc2 43. Rb8+ Kf7 44. Rb7+ Kg6 45. f5+ Kxf5 46. Rf7+ Kg6 $19) 42... Rc2 43. Rf2 {[%emt 0:00:00] [#]} (43. Re4 $15) 43... Rxf2+ (43... Rh1+ $142 $1 44. Kg2 Rh5) 44. Kxf2 Rxa2 {[%emt 0:00:00] KR-KN} 45. Ke3 Ke7 46. Nc5 Rxa3+ (46... Rc2 $17 47. Nd3 Kf7) 47. Kf4 $15 Rc3 48. Nd3 Rc2 49. e3 (49. Kxg4 $11 {is superior.} Rxe2 50. Nf4) 49... Ke6 50. Kxg4 {[%emt 0:00:00] The position is equal.} Rc3 {[%emt 0:00:00][%mdl 64] Deflection} 51. Nf4+ Kxe5 52. Nh5 Rxe3 53. Nxg7 Rxg3+ {[%emt 0:00:00] Weighted Error Value: White=0.17 (very precise) /Black=0.14 (very precise)} 1/2-1/2

[Event "Portuguese Chess-ch 2022"]
[Site "Leiria"]
[Date "2022.09.12"]
[Round "1.5"]
[White "Dias, Paulo"]
[Black "Barria Santos, Jose Guilherme"]
[Result "1-0"]
[ECO "E32"]
[WhiteElo "2341"]
[BlackElo "2384"]
[Annotator "TA"]
[PlyCount "128"]
[EventDate "2022.09.11"]
[EventCountry "POR"]
[SourceTitle "playchess.com"]
[Source "ChessBase"]
[SourceQuality "1"]
[TimeControl "5400+30"]

1. d4 Nf6 2. c4 e6 3. Nc3 Bb4 4. Qc2 O-O 5. e4 d5 6. e5 Ne4 7. Bd3 c5 $1 8. Nge2 {[%emt 0:01:04] E32: Nimzo-Indian: Classical (4 Qc2): 4...0-0.} cxd4 9. Nxd4 Nd7 10. Bf4 {[%emt 0:00:57] The position is equal.} Qh4 11. g3 Qh5 12. O-O g5 13. cxd5 Bxc3 14. bxc3 exd5 15. Bxe4 dxe4 16. e6 gxf4 17. exd7 Bxd7 18. Qxe4 fxg3 19. fxg3 b6 {[%emt 0:00:12] [#]} 20. Qf3 $146 ({Predecessor:} 20. Nf5 Rae8 21. Qd5 Bxf5 22. Rxf5 Qe2 23. Raf1 Qe3+ 24. R1f2 Qe1+ 25. Rf1 Qe3+ 26. R1f2 Qe1+ 27. Rf1 Qe3+ {½-½ (27) So,W (2770)-Ding,L (2799) chess24.com INT 2021}) 20... Qxf3 21. Rxf3 Rfe8 22. Kf2 Kg7 23. Re1 Rxe1 24. Kxe1 $11 {[%emt 0:00:08][%mdl 4096] Endgame KRB-KRN} Re8+ 25. Kd2 Re5 26. c4 Rc5 27. Rc3 Ra5 28. a3 Kf6 29. Rf3+ Ke7 30. Kc2 Rc5 31. Kb3 Re5 32. Kc3 h5 33. Nc2 Be6 34. Nd4 {[%emt 0:04:36] Threatens to win with Nc6+.} Bd7 {[%emt 0:00:23] Inhibits Nc6+.} 35. Nc2 Rc5 36. Kd4 Bg4 37. Rb3 Be6 38. Ne3 Kd6 39. h4 Kc6 40. Rc3 Kd6 41. Nf1 Ra5 42. Nd2 Ra4 43. Ke3 a5 44. c5+ bxc5 {[%emt 0:00:00] White must now prevent ...f5.} 45. Ne4+ Ke7 46. Nxc5 Rg4 47. Kf2 Bd5 {[%emt 0:00:00] [#]} (47... Kf6 $11) 48. Nd3 $1 $16 Rd4 49. Nf4 a4 50. Nxh5 Rd2+ 51. Ke3 Ra2 52. Kf4 Bb3 53. Re3+ (53. Ng7 $16) 53... Kd6 $1 $14 54. Nf6 {[%emt 0:00:07] Strongly threatening h5.} Rxa3 55. Ne4+ Ke7 (55... Kc6 $11 {keeps the balance.}) 56. Kg5 $16 {[%emt 0:01:28] h5 is the strong threat.} Ra1 57. Nc5+ Be6 $2 (57... Kf8 $16) 58. Nxe6 $18 fxe6 {[%emt 0:00:07] KR-KR} 59. g4 $2 (59. h5 $18 {And now h6 would win.} Rd1 60. Re4) 59... a3 $2 {[%emt 0:02:50][%mdl 8192] [#]} (59... Rc1 $11) 60. h5 {[%emt 0:00:28][%cal Bh4h5,Bh5h6,Bh6h7][%mdl 32] White mates.} a2 61. Ra3 e5 62. h6 Ke6 63. h7 Rh1 64. Kg6 Kd5 {Weighted Error Value: White=0.11 (very precise) /Black=0.33} 1-0

[Event "Portuguese Chess-ch 2022"]
[Site "Leiria"]
[Date "2022.09.13"]
[Round "2.3"]
[White "Rocha, Sergio"]
[Black "Sousa, Andre"]
[Result "0-1"]
[ECO "D37"]
[WhiteElo "2324"]
[BlackElo "2449"]
[Annotator "TA"]
[PlyCount "84"]
[EventDate "2022.09.11"]
[EventCountry "POR"]
[SourceTitle "playchess.com"]
[Source "ChessBase"]
[SourceQuality "1"]
[TimeControl "5400+30"]

1. d4 Nf6 2. Nf3 e6 3. c4 d5 4. Nc3 dxc4 5. Qa4+ c6 6. Qxc4 b5 7. Qb3 a6 8. g3 {D43: Semi-Slav: 5 Bg5 h6.} Bb7 9. Bg2 c5 10. dxc5 {Black has an edge.} Bxc5 11. O-O O-O {[#]} 12. Bf4 $146 ({Predecessor:} 12. Bg5 Nbd7 13. Nd2 Bxg2 14. Kxg2 Qb6 15. Nce4 Be7 16. Rfd1 Rac8 17. Nxf6+ Bxf6 18. Be3 {1-0 (76) Ghaem Maghami,E (2537)-Potkin,V (2597) St Petersburg 2018}) 12... Nc6 13. Rac1 Rc8 14. a3 h6 15. Qa2 Qe7 16. Ne5 ({White should try} 16. Rcd1 $15) 16... Nxe5 $17 17. Bxe5 Bxg2 18. Kxg2 Ng4 19. Bf4 Rfd8 {Black is more active.} (19... Qb7+ $17 20. e4 g5) 20. Rc2 $2 (20. Ne4 $15) 20... Qb7+ ({But not} 20... g5 $2 21. f3 $17) 21. f3 Be3 $1 22. h3 e5 23. Bg5 hxg5 ({Don't go for} 23... Bxg5 $2 24. hxg4 Be3 25. Rh1 $19) 24. hxg4 a5 {Hoping for ...Qc7.} 25. b4 axb4 26. axb4 {[#]} Qc6 27. Rb1 (27. Rh1 $142 e4 28. fxe4) 27... Rd4 $19 {Threatens to win with ...Rc4.} 28. Qa3 (28. Rbb2 $142 Rc4 29. Nd1 Rxc2 30. Nxe3) 28... Bd2 29. Rb3 e4 {[%cal Be5e4,Be4f3][%mdl 32] Strongly threatening ...exf3+.} 30. Nxb5 (30. Qa1 $142 Be3 31. Qf1) 30... Qxc2 31. Nxd4 {[#]} Qc4 $2 (31... Qd1 $1 $19 {is more deadly.} 32. f4 g6) 32. e3 $2 {[%mdl 8192] Now White is beyond hope.} (32. Qb2 $17 Bc3 33. Rxc3 Qxc3 34. Qxc3 Rxc3 35. fxe4) 32... exf3+ 33. Kf2 {[#]} Bxe3+ $1 34. Rxe3 Qxd4 {[%mdl 4096] Endgame KQR-KQR} 35. Qd3 {Against Rc2+} Qxg4 {...Qh5 is the strong threat.} 36. Re4 $2 (36. Re1) 36... Qh5 {( -> ...Qh1)} 37. b5 g4 {Black mates.} 38. Ke3 Qh6+ 39. Kf2 Qh2+ 40. Ke3 Qxg3 41. Qf1 f2+ 42. Kd4 Qc3+ {Weighted Error Value: White=0.98/Black=0.27 (precise)} 0-1

[Event "Portuguese Chess-ch 2022"]
[Site "Leiria"]
[Date "2022.09.13"]
[Round "2.4"]
[White "Fernandes, Antonio"]
[Black "Veiga, Jose Francisco R P N"]
[Result "0-1"]
[ECO "C68"]
[WhiteElo "2327"]
[BlackElo "2389"]
[Annotator "TA"]
[PlyCount "60"]
[EventDate "2022.09.11"]
[EventCountry "POR"]
[SourceTitle "playchess.com"]
[Source "ChessBase"]
[SourceQuality "1"]
[TimeControl "5400+30"]

1. e4 {[%emt 0:18:10] Donev,I} e5 2. Nf3 Nc6 3. Bb5 a6 4. Bxc6 dxc6 5. O-O Ne7 6. Na3 {[%emt 0:17:30] C68: Ruy Lopez: Exchange Variation, sidelines.} (6. Nxe5 {looks sharper.} Qd4 7. Qh5 g6 8. Nf3) 6... f6 {[%emt 0:07:36] [#]} 7. d4 $146 ({Predecessor:} 7. Nc4 c5 8. d3 Bg4 9. Ne3 Bh5 10. c3 Nc6 11. Nf5 Qd7 12. Qe2 O-O-O 13. Rd1 c4 {0-1 (30) Torre,E (2545)-Almasi,Z (2650) Elista 1998 CBM 068 [Donev,I]}) 7... exd4 8. Qxd4 {[%emt 0:02:41] The position is equal.} Qxd4 9. Nxd4 c5 10. Ne2 Bd7 11. Nf4 O-O-O 12. Be3 Ng6 13. Rad1 Re8 14. f3 f5 15. exf5 $1 Bxf5 16. Nxg6 Bxg6 17. Bf4 b5 18. c4 c6 (18... b4 $5 19. Nb1 Be7 $11) 19. b3 Be7 {[%emt 0:06:03][%cal Bf8e7,Be7f6,Bf6d4][%mdl 32] Threatens to win with ...Bf6.} 20. Be3 Rd8 21. Rc1 (21. Nb1 $15) 21... Kb7 22. Nb1 Rd3 23. Kf2 {[%emt 0:00:12] [#]} Kb6 {[%emt 0:04:18] Black is more active.} (23... Re8 $1 $17 {Strongly threatening ...Bh4+.} 24. cxb5 Bh4+ 25. g3 Rexe3 26. bxc6+ Kxc6 27. gxh4 Rxf3+ 28. Kg2 Rxf1 29. Rxf1 Be4+ 30. Kg1 a5) 24. Nd2 $11 Bf6 25. b4 $2 {[%emt 0:02:24][%mdl 8192] [#]} (25. cxb5 $11 {and White has nothing to worry.} axb5 26. Bxc5+ Kc7 27. Ne4) 25... Bd4 $1 $19 {[%emt 0:01:13] This bishop pair is nice. Black is clearly winning.} 26. bxc5+ Kb7 27. Rfe1 Rxd2+ 28. Kg3 Bxe3 29. Rxe3 Rhd8 30. a4 (30. a3 $142) 30... bxa4 {[%emt 0:01:16] Weighted Error Value: White=0.53/Black=0.11 (very precise)} 0-1

[Event "Portuguese Chess-ch 2022"]
[Site "Leiria"]
[Date "2022.09.13"]
[Round "2.5"]
[White "Fidalgo, Andre"]
[Black "Martins, Bruno Andre Leite"]
[Result "0-1"]
[ECO "C11"]
[WhiteElo "2258"]
[BlackElo "2308"]
[Annotator "TA"]
[PlyCount "100"]
[EventDate "2022.09.11"]
[EventCountry "POR"]
[SourceTitle "playchess.com"]
[Source "ChessBase"]
[SourceQuality "1"]
[TimeControl "5400+30"]

1. e4 e6 2. d4 d5 3. Nc3 Nf6 4. e5 Nfd7 5. f4 c5 6. Nf3 Nc6 7. Be3 a6 8. Qd2 b5 9. dxc5 Nxc5 (9... Bxc5 $11 10. a3 Qb6) 10. O-O-O {[%emt 0:07:29] C11: French: Classical System: 4 e5 and 4 Bg5 dxe4.} (10. Qf2 $14 Nd7 11. Be2) 10... Be7 11. Kb1 Rb8 {[%emt 0:03:41] [#]} 12. h4 $146 {[%emt 0:12:20] The position is equal.} ({Predecessor:} 12. g4 b4 13. Bxc5 Bxc5 14. Na4 Ba7 15. Bd3 Bd7 16. b3 a5 17. f5 Qc7 18. Qg5 {½-½ (70) Kinez,I (2141)-Dezelic,D Zagreb 2011}) 12... O-O (12... b4 $11 13. Ne2 O-O) 13. h5 ({White should play} 13. Bxc5 $14 Bxc5 14. Ne2) 13... Qc7 (13... b4 $5 14. Ne2 h6 $11) 14. Qe1 (14. Bxc5 $11 Bxc5 15. h6) 14... b4 $1 $15 15. Ne2 a5 16. Ned4 Nxd4 17. Nxd4 (17. Bxd4 $11 a4 18. h6) 17... Bd7 18. Bd3 f6 19. Qh4 Nxd3 20. cxd3 Rbe8 21. Qg3 fxe5 22. fxe5 Rf7 23. Rhf1 {[%emt 0:01:07] Hoping for Rxf7.} Ref8 24. Rxf7 Rxf7 25. Rc1 Qb7 26. Bg5 (26. Kc2 {is more complex.} Bc5 27. Nb3 Bf8 28. Nd4) 26... Bf8 27. Qh3 Qb6 28. Be3 ({Better is} 28. Qg4 $1 $15) 28... Bc5 $36 {[%emt 0:03:59][%mdl 2048] White is under strong pressure.} 29. Qg4 Qa7 (29... h6 $17 30. Bg1 a4) 30. Nc6 {[%emt 0:00:55] [#]} Bxc6 (30... Qa6 $1 $17 31. Bxc5 Qxd3+ 32. Ka1 Bxc6) 31. Bxc5 Qd7 (31... Qa6 $5 ) 32. Bd6 {[%emt 0:00:25] [#]} (32. h6 $11 {remains equal.}) 32... h6 $1 {[%emt 0:01:31] White is on the road to losing.} 33. Qd4 Bb5 34. Rc7 {[%emt 0:00:26] [#]} (34. Ka1 $17 {is a better defense.}) 34... Qe8 $1 $19 {[%emt 0:00:56] And now ...Rf1+ would win.} (34... Rf1+ 35. Kc2 Qd8 36. Qg4 $11) 35. Rc1 Rf5 36. a4 (36. Bc7 $142) 36... Bxa4 {[%emt 0:00:57] Strongly threatening ...Bb3.} 37. g4 Rf3 38. Qb6 Qb5 ({Not} 38... Rxd3 $2 39. Qa6 Bb5 40. Rc8 Bxa6 41. Rxe8+ Kh7 42. Rxe6) 39. Qd8+ $2 (39. Qxb5 Bxb5 40. Rc5 Bxd3+ 41. Kc1) 39... Kh7 40. g5 hxg5 41. Qxg5 Qxd3+ 42. Ka1 Qf5 $2 (42... Rg3 43. Qf4 Rg2) 43. Qg2 Rf2 44. Qg1 Be8 45. Bc7 $2 (45. Bc5 Rf3 46. Be3) 45... b3 46. h6 gxh6 {[%emt 0:00:00] ( -> ...Rf4)} 47. Bxa5 Rf4 {[%emt 0:00:00][%cal Rf4a4] Black mates.} 48. Bb4 Rxb4 49. Rc4 Qf8 ({And not} 49... Rxc4 50. Qg8+ Kxg8 $11) 50. Rc7+ Kh8 {[%emt 0:00:39] Weighted Error Value: White=0.80/Black=0.37} 0-1

[Event "Portuguese Chess-ch 2022"]
[Site "Leiria"]
[Date "2022.09.14"]
[Round "3.2"]
[White "Veiga, Jose Francisco R P N"]
[Black "Fidalgo, Andre"]
[Result "1-0"]
[ECO "C50"]
[WhiteElo "2389"]
[BlackElo "2258"]
[Annotator "RC"]
[PlyCount "155"]
[EventDate "2022.09.11"]
[EventCountry "POR"]
[SourceTitle "playchess.com"]
[Source "ChessBase"]
[SourceQuality "1"]
[TimeControl "5400+30"]

1. e4 e5 2. Nf3 Nc6 3. Bc4 Bc5 4. O-O Nf6 5. d3 O-O 6. Nbd2 d6 7. c3 a6 8. Bb3 Ba7 9. h3 Ne7 10. Re1 Ng6 11. Nf1 h6 12. Ng3 Re8 13. d4 Be6 14. Bc2 b5 15. Be3 c5 16. Qd2 Qc7 17. a4 Bb6 18. Bd3 exd4 19. cxd4 Ba5 20. Qc2 Bxe1 21. Rxe1 c4 22. Bf1 Rac8 23. axb5 axb5 24. d5 Bd7 25. Bd4 Ne5 26. Nd2 Qd8 27. Ra1 Rb8 28. Ra7 Bc8 29. Qc3 Re7 30. Ra1 Re8 31. f4 Ng6 32. Qf3 Nf8 33. Qf2 N8d7 34. Nf5 Nf8 35. Ng3 N8d7 36. Be2 Nc5 37. Bxc5 dxc5 38. Qxc5 Qb6 39. Qxb6 Rxb6 40. Bf3 Nd7 41. e5 Nc5 42. Ne2 Nd3 43. Rb1 Kf8 44. g3 g5 45. Be4 gxf4 46. gxf4 Nc5 47. Nd4 Bxh3 48. Kf2 Rd8 49. d6 h5 50. Ke3 f6 51. Rh1 Bg4 52. Bg6 fxe5 53. fxe5 Nd7 54. N2f3 Bxf3 55. Nxf3 Nxe5 56. Nxe5 Rdxd6 57. Bxh5 Re6 58. Ke4 Ke7 59. Rg1 Kd6 60. Rd1+ Kc5 61. Bg4 Re7 62. Rd7 Re8 63. Rd5+ Kb4 64. Kd4 Kb3 65. Bd7 Rd8 66. Kc5 Rb7 67. Kc6 Rbxd7 68. Rxb5+ Kc2 69. Nxd7 c3 70. bxc3 Kxc3 71. Nb6 Kd4 72. Rb4+ Kc3 73. Kc5 Kd3 74. Rb3+ Ke4 75. Rb1 Ke3 76. Nd5+ Ke4 77. Re1+ Kd3 78. Rd1+ 1-0

[Event "Portuguese Chess-ch 2022"]
[Site "Leiria"]
[Date "2022.09.14"]
[Round "3.3"]
[White "Sousa, Andre"]
[Black "Fernandes, Antonio"]
[Result "1/2-1/2"]
[ECO "E06"]
[WhiteElo "2449"]
[BlackElo "2327"]
[Annotator "RC"]
[PlyCount "143"]
[EventDate "2022.09.11"]
[EventCountry "POR"]
[SourceTitle "playchess.com"]
[Source "ChessBase"]
[SourceQuality "1"]
[TimeControl "5400+30"]

1. Nf3 d5 2. d4 Nf6 3. c4 e6 4. g3 Be7 5. Bg2 O-O 6. O-O dxc4 7. Qc2 Nc6 8. Qxc4 Qd5 9. Qd3 Qf5 10. Qxf5 exf5 11. Nc3 Nb4 12. Bg5 Be6 13. Ne5 c6 14. a3 Nbd5 15. Nxd5 Nxd5 16. Bxe7 Nxe7 17. Rfc1 Rfd8 18. e3 Bd5 19. Rc3 Bxg2 20. Kxg2 Nc8 21. Rb3 Nd6 22. Rc1 Rac8 23. Nc4 Nxc4 24. Rxc4 Rd7 25. Rb5 g6 26. Ra5 Ra8 27. b4 a6 28. a4 Rad8 29. Rac5 Rd5 30. Kf3 Kf8 31. Ke2 Ke7 32. Rc2 h5 33. h4 R8d6 34. Kd3 Kd7 35. Ke2 Ke7 36. Kf3 Ke6 37. Kf4 f6 38. Kf3 Kd7 39. Ke2 Ke6 40. Rc1 Kd7 41. Kd3 Ke6 42. R1c2 Kd7 43. Rb2 Ke6 44. Rc4 Rd8 45. f3 Ke7 46. Re2 R5d6 47. Rg2 Rd5 48. Rc5 Ke6 49. Rgc2 Ke7 50. Rxd5 Rxd5 51. Rc5 Rd8 52. b5 axb5 53. axb5 Rd5 54. Kc4 Kd6 55. bxc6 Rxc5+ 56. dxc5+ Kxc6 57. Kd4 Kc7 58. Kd5 Kd7 59. Kd4 Kc7 60. Kc4 Kc6 61. e4 fxe4 62. fxe4 Kd7 63. Kd5 g5 64. Kc4 gxh4 65. gxh4 Kc6 66. Kd4 Kc7 67. Kd5 Kd7 68. Kc4 Kc6 69. Kd4 Kc7 70. Kd5 Kd7 71. Kc4 Kc6 72. Kd4 1/2-1/2

[Event "Portuguese Chess-ch 2022"]
[Site "Leiria"]
[Date "2022.09.14"]
[Round "3.4"]
[White "Dias, Paulo"]
[Black "Rocha, Sergio"]
[Result "1-0"]
[ECO "E21"]
[WhiteElo "2341"]
[BlackElo "2324"]
[Annotator "RC"]
[PlyCount "33"]
[EventDate "2022.09.11"]
[EventCountry "POR"]
[SourceTitle "playchess.com"]
[Source "ChessBase"]
[SourceQuality "1"]
[TimeControl "5400+30"]

1. d4 Nf6 2. c4 e6 3. Nc3 Bb4 4. Nf3 O-O 5. Bg5 h6 6. Bh4 Bxc3+ 7. bxc3 d6 8. e4 Nc6 9. Bd3 e5 10. h3 Re8 11. O-O Bf5 12. exf5 e4 13. Nh2 exd3 14. Ng4 Qd7 15. Bxf6 h5 16. Ne3 gxf6 17. Qxh5 1-0

[Event "Portuguese Chess-ch 2022"]
[Site "Leiria"]
[Date "2022.09.14"]
[Round "3.5"]
[White "Guilherme Santos, Jose"]
[Black "Rego, Pedro Filipe"]
[Result "1/2-1/2"]
[ECO "D40"]
[WhiteElo "2384"]
[BlackElo "2273"]
[Annotator "RC"]
[PlyCount "57"]
[EventDate "2022.09.11"]
[EventCountry "POR"]
[SourceTitle "playchess.com"]
[Source "ChessBase"]
[SourceQuality "1"]
[TimeControl "5400+30"]

1. d4 Nf6 2. c4 e6 3. Nf3 d5 4. Nc3 c5 5. e3 Nc6 6. a3 dxc4 7. Bxc4 a6 8. O-O b5 9. Ba2 Bb7 10. Qe2 cxd4 11. Rd1 Be7 12. exd4 O-O 13. Bg5 Re8 14. Bxf6 Bxf6 15. Ne4 Na5 16. Rac1 Bd5 17. Bxd5 exd5 18. Nxf6+ Qxf6 19. Qc2 Nc4 20. b3 Nxa3 21. Qc5 b4 22. Qxb4 Nb5 23. Rc5 Rad8 24. Rdc1 h6 25. h3 Re4 26. Rc6 Nxd4 27. Nxd4 Qxd4 28. Qxd4 Rxd4 29. Rxa6 1/2-1/2